AoeStats
← Splujer

Black Forest

509582307Analyzed
4v4 RM · 5d ago on Sep 27, 2026· 65m 55s· 8 players
Game mode
Random Map
Map size
Large (8 player)
Population
200
Speed
Normal
Resources
Standard
Victory
Conquest
Starting age
Dark Age
Ending age
Imperial Age
RankedLock teamsTeams togetherTeam positionsShared explorationLock speedFull tech treeHidden civsTurbo modeCheats
Victory
Defeat
🇲🇽 Burmese · Mexico
687
+14
655
+15
🇦🇺 Jurchens · Australia
634
+16
🇯🇵 Italians · Japan
620
+17
🇩🇰 Chinese · Denmark
687
-18
🇪🇸 Cumans · Spain
659
-29
🇨🇭 Spanish · Switzerland
632
-21
🇫🇷 Poles · France
589
-13
Geneviève V.
14:22 Feudal Age
15:57 Wheelbarrow
15:20 Double-Bit Axe
15:42 Horse Collar
16:23 Stone Mining
16:43 Gold Mining
21:50 Scale Barding Armor
21:48 Scale Mail Armor
22:09 Forging
24:12 Castle Age
23:33 Bloodlines
22:47 Man-at-Arms
25:27 Bow Saw
25:57 Heavy Plow
26:36 Hand Cart
27:39 Stone Shaft Mining
28:28 Husbandry
27:49 Light Cavalry
28:36 Squires
28:22 Gambesons
30:01 Elite Skirmisher
30:29 Arson
30:05 Pikeman
33:05 Caravan
33:18 Thumb Ring
36:43 Imperial Age
34:04 Long Swordsman
35:34 Masonry
35:45 Ballistics
35:44 Chain Mail Armor
35:25 Loom
35:27 Town Watch
35:46 Fletching
36:09 Inquisition
38:12 Conscription
38:29 Hoardings
38:41 Architecture
38:16 Padded Archer Armor
40:18 Town Patrol
42:54 Two-Man Saw
41:31 Elite Conquistador
41:45 Two-Handed Swordsman
42:36 Capped Ram
45:14 Chemistry
44:36 Chain Barding Armor
44:48 Plate Mail Armor
44:54 Iron Casting
44:15 Bodkin Arrow
44:36 Leather Archer Armor
43:47 Cavalier
45:10 Champion
51:10 Plate Barding Armor
51:06 Ring Archer Armor
50:37 Bracer
51:38 Blast Furnace
51:18 Supremacy
50:33 Sappers
Splujer
0:31 Loom
17:44 Feudal Age
19:12 Horse Collar
19:22 Double-Bit Axe
29:01 Castle Age
27:06 Fletching
27:55 Gold Mining
28:01 Stone Mining
31:10 Wheelbarrow
30:22 Town Watch
30:46 Heavy Plow
31:11 Bow Saw
31:06 Caravan
32:31 Fervor
32:42 Sanctity
33:12 Hand Cart
32:58 Town Patrol
37:12 Imperial Age
35:46 Coinage
35:35 Forging
36:27 Stone Shaft Mining
38:09 Bodkin Arrow
38:49 Iron Casting
38:20 Scale Barding Armor
38:43 Conscription
38:35 Szlachta Privileges
39:41 Husbandry
39:52 Bloodlines
40:23 Banking
41:10 Lechitic Legacy
43:01 Chain Barding Armor
42:18 Capped Ram
44:34 Blast Furnace
44:19 Bracer
45:23 Hoardings
44:15 Siege Ram
44:16 Onager
45:13 Padded Archer Armor
45:18 Scale Mail Armor
46:34 Block Printing
46:30 Redemption
46:23 Devotion
46:39 Cavalier
46:42 Light Cavalry
49:05 Murder Holes
49:21 Fortified Wall
48:55 Treadmill Crane
49:29 Fortified Wall
50:20 Chemistry
48:50 Heavy Mounted Crossbowman
50:27 Masonry
50:59 Winged Hussar
53:17 Chain Mail Armor
53:18 Leather Archer Armor
54:43 Crop Rotation
61:50 Pikeman
62:30 Squires
62:16 Arson
ALVICEN
0:34 Loom
12:00 Feudal Age
13:25 Wheelbarrow
13:07 Town Watch
14:07 Double-Bit Axe
15:55 Horse Collar
17:50 Fishing Lines
24:13 Castle Age
25:29 Hand Cart
26:00 Caravan
26:14 Bow Saw
26:17 Heavy Plow
26:39 Town Patrol
28:51 Stone Mining
28:54 Gold Mining
30:09 Gillnets
31:04 Gold Shaft Mining
33:41 Squires
33:01 Pikeman
33:33 Arson
34:53 Steppe Husbandry
36:07 Murder Holes
36:05 Fletching
36:16 Padded Archer Armor
36:27 Forging
36:37 Masonry
39:39 Imperial Age
37:39 Thumb Ring
36:55 Elite Skirmisher
37:49 Bodkin Arrow
38:21 Ballistics
40:39 Iron Casting
40:20 Leather Archer Armor
40:07 Scale Mail Armor
41:18 Cuman Mercenaries
41:41 Conscription
41:48 Conscription
41:46 Elite Kipchak
42:57 Halberdier
44:53 Chemistry
45:17 Parthian Tactics
45:28 Ring Archer Armor
51:27 Blast Furnace
50:43 Chain Mail Armor
50:35 Scale Barding Armor
BlacKHazE.
7:03 Loom
17:07 Feudal Age
18:54 Double-Bit Axe
22:39 Stone Mining
27:52 Castle Age
27:22 Fletching
27:32 Padded Archer Armor
28:50 Gold Mining
29:41 Horse Collar
30:14 Bow Saw
30:29 Heavy Plow
30:40 Bodkin Arrow
31:00 Leather Archer Armor
32:35 Great Wall
35:33 Imperial Age
33:41 Fortified Wall
33:44 Masonry
33:57 Masonry
34:34 Gold Shaft Mining
36:18 Wheelbarrow
36:16 Thumb Ring
37:24 Conscription
39:26 Two-Man Saw
38:43 Bracer
39:14 Ring Archer Armor
39:46 Chemistry
39:07 Ballistics
38:43 Murder Holes
39:20 Architecture
39:29 Stone Shaft Mining
38:59 Devotion
39:17 Hand Cart
42:17 Elite Chu Ko Nu
44:36 Caravan
45:38 Elite Fire Lancer
46:22 Squires
46:26 Scale Mail Armor
46:37 Forging
48:27 Arson
51:17 Chain Mail Armor
51:38 Iron Casting
Juan86852
1:17 Loom
16:34 Feudal Age
19:46 Arson
30:30 Wheelbarrow
29:42 Town Watch
32:40 Castle Age
32:06 Gold Mining
32:09 Horse Collar
33:38 Scale Mail Armor
35:55 Pikeman
36:21 Gambesons
36:37 Squires
37:07 Squires
41:17 Imperial Age
38:46 Stone Mining
40:23 Manipur Cavalry
40:49 Hand Cart
44:10 Ballistics
44:54 Chemistry
44:09 Masonry
46:46 Chain Mail Armor
46:41 Forging
46:37 Scale Barding Armor
46:33 Padded Archer Armor
48:45 Heated Shot
50:50 Caravan
51:21 Coinage
51:02 Guilds
52:19 Heavy Plow
JP_AoE2
11:37 Feudal Age
13:00 Wheelbarrow
12:14 Double-Bit Axe
16:09 Horse Collar
21:41 Castle Age
19:59 Padded Archer Armor
20:07 Gold Mining
20:51 Fletching
21:29 Stone Mining
22:54 Hand Cart
23:50 Bow Saw
24:29 Heavy Plow
26:32 Gold Shaft Mining
26:36 Stone Shaft Mining
28:33 Scale Barding Armor
28:39 Forging
31:55 Chain Barding Armor
31:54 Leather Archer Armor
31:35 Bodkin Arrow
32:19 Iron Casting
32:57 Iron Casting
34:55 Imperial Age
32:31 Bodkin Arrow
33:03 Leather Archer Armor
35:27 Caravan
35:31 Elite Iron Pagoda
37:19 Conscription
37:05 Husbandry
37:17 Bloodlines
38:49 Crop Rotation
39:22 Two-Man Saw
40:24 Thunderclap Bombs
41:54 Chemistry
41:15 Ballistics
43:09 Blast Furnace
42:45 Plate Barding Armor
42:42 Ring Archer Armor
42:39 Heavy Rocket Cart
43:55 Bracer
43:43 Treadmill Crane
43:59 Murder Holes
44:13 Siege Engineers
44:17 Fortified Bastions
61:37 Elite Steppe Lancer
汉东省太想进步厅长
2:04 Loom
12:54 Feudal Age
17:58 Castle Age
15:45 Horse Collar
15:53 Double-Bit Axe
15:53 Fishing Lines
20:25 Heavy Plow
25:52 Wheelbarrow
28:36 Gillnets
29:55 Bow Saw
32:43 Imperial Age
32:16 Fletching
32:27 Padded Archer Armor
32:33 Scale Barding Armor
32:39 Forging
32:40 Fortified Wall
32:35 Gold Mining
32:36 Stone Mining
33:57 Conscription
34:13 Hoardings
33:41 Husbandry
33:52 Bloodlines
33:04 Heavy Camel Rider
33:05 Light Cavalry
34:31 Hand Cart
34:26 Capped Ram
35:40 Murder Holes
35:46 Bodkin Arrow
36:39 Gold Shaft Mining
35:52 Town Watch
35:58 Arrowslits
36:24 Masonry
36:32 Caravan
36:13 Elite Mameluke
37:29 Counterweights
40:03 Siege Engineers
40:38 Bimaristan
41:41 Siege Ram
43:09 Chain Barding Armor
43:47 Iron Casting
43:14 Bracer
44:47 Chemistry
44:08 Ballistics
45:08 Plate Barding Armor
48:50 Blast Furnace
64:40 Leather Archer Armor
Jawaharlal NEHRU
0:29 Loom
13:12 Feudal Age
16:53 Town Watch
20:11 Castle Age
17:54 Horse Collar
18:02 Double-Bit Axe
24:11 Caravan
26:29 Wheelbarrow
26:41 Silk Road
27:37 Heavy Plow
27:32 Fishing Lines
28:10 Bloodlines
30:46 Forging
30:30 Fletching
30:59 Scale Barding Armor
32:01 Town Patrol
32:50 Gold Mining
32:53 Stone Mining
33:50 Crossbowman
34:35 Thumb Ring
35:13 Treadmill Crane
35:44 Masonry
35:46 Fortified Wall
35:57 Ballistics
39:23 Imperial Age
37:48 Elite Skirmisher
38:36 Bodkin Arrow
38:42 Padded Archer Armor
39:19 Iron Casting
41:27 Conscription
42:15 Chemistry
41:22 Husbandry
40:43 Cavalier
40:46 Arbalester
42:19 Bracer
42:34 Leather Archer Armor
42:21 Scale Mail Armor
43:18 Hoardings
42:55 Pirotechnia
43:43 Bow Saw
44:21 Onager
47:24 Ring Archer Armor
49:14 Elite Genoese Crossbowman
Connection lost

Rejoining the realm…

Still unreachable

The connection could not be restored.

Session expired

The server has moved on; the page needs a fresh start.